 Dungeon Crawl Stone Soup version 0.32-a0-136-gc02482bde3 (webtiles) character file.

Game seed: 16827814341578539697

26 cforsyth the Magician (level 3, -1/28 HPs)
             Began as a Djinni Hexslinger on Feb 10, 2024.
             Slain by an adder (2 damage)
             ... on level 2 of the Dungeon.
             The game lasted 00:01:34 (1327 turns).

cforsyth the Magician (Djinni Hexslinger)           Turns: 1327, Time: 00:01:35

Health: -1/28      AC:  2    Str:  7    XL:     3   Next: 22%
Gold:   23         EV: 12    Int: 16    God:
                   SH:  0    Dex: 15

rFire   + + .        a - +1 sling
rCold   x . .        (no shield)
rNeg    + . .        c - +0 robe
rPois   ∞            (no helmet)
rElec   .            (no cloak)
rCorr   .            (no gloves)
SInv    +            (boots unavailable)
Will    .....        (no amulet)
Stlth   +            v - ring of see invisible
HPRegen 0.24/turn    N - ring of positive energy
MPRegen 0.00/turn

%: infuse magic (-2 HP)
@: flying
A: sickness immunity, fire resistance 2, cold vulnerability 1, float, innate
caster, HP casting, extra vitality 1
a: no special abilities


You were on level 2 of the Dungeon.
You visited 1 branch of the dungeon, and saw 2 of its levels.

You collected 23 gold pieces.


Innate Abilities, Weirdness & Mutations

You are immune to sickness and miasma.
You are immune to poison.
Your flesh is very heat resistant. (rF++)
You are vulnerable to cold. (rC-)
You float through the air rather than walking.
You learn spells naturally, not from books.
Your magical power is your life essence.
You have superior vitality. (+4 MHP)


   Skills:
 + Level 2.2 Fighting
 - Level 1.5 Ranged Weapons
 - Level 2.1 Dodging
 + Level 3.1 Spellcasting
 + Level 3.1 Conjurations
 + Level 3.1 Hexes
 + Level 3.1 Summonings
 + Level 3.1 Necromancy
 + Level 3.1 Translocations
 + Level 3.1 Fire Magic
 + Level 3.1 Ice Magic
 + Level 3.1 Air Magic
 + Level 3.1 Earth Magic
 + Level 3.1 Alchemy


You knew the following spells:

 Your Spells              Type           Power      Damage    Failure   Level
a - Necrotise             Necr           48%        1d6       5%          1
c - Cause Fear            Hex            6%         N/A       45%         4
f - Inner Flame           Hex/Fire       12%        N/A       16%         3
X - Jinxbite              Hex            24%        N/A       8%          2
Y - Sigil of Binding      Hex            12%        N/A       16%         3
Z - Dimensional Bullseye  Hex/Tloc       6%         N/A       45%         4
Your spell library was empty.

Inventory:

Hand Weapons
 a - a +1 sling (weapon)
Armour
 c - a +0 robe (worn)
Jewellery
 v - a ring of see invisible (left hand)
 N - a ring of positive energy (right hand)
Scrolls
 b - a scroll of poison
Potions
 d - a potion of degeneration {unknown}
 e - a potion of resistance {unknown}

Dungeon Overview and Level Annotations

Branches:
Dungeon (2/15)

Altars:

####.##.##.####
####........... ##
#....#..##.#### ######.
#.##.#.###.# .......
#..#...###.# .......
##........#.# .......
#......##.#.#
......S##.#.....#.#.####
.......@..#.....#....##.
......#####.....##..###.
..... #.....##......†..
.### #.###.###########
.. ..# # ####


You could see an adder.


Message History

* * * LOW HITPOINT WARNING * * *
The adder bites you.
* * * LOW HITPOINT WARNING * * *
You are too injured to fight recklessly!
You shoot a sling bullet.
The sling bullet barely misses the adder.
The adder bites you.
* * * LOW HITPOINT WARNING * * *
The adder closely misses you.
You shoot a sling bullet. The sling bullet hits the adder.
The adder is severely wounded.
The adder bites you but does no damage. The adder closely misses you.
You shoot a sling bullet.
The sling bullet closely misses the adder.
The adder bites you.
* * * LOW HITPOINT WARNING * * *
You shoot a sling bullet.
The sling bullet hits the adder but does no damage.
The adder is severely wounded.
The adder bites you.
* * * LOW HITPOINT WARNING * * *
The adder bites you.
* * * LOW HITPOINT WARNING * * *
Fire: a) +1 sling
Press: ? - help, Shift-Dir - straight line, f/p - adder
Aim: an adder (severely wounded, 38% to hit)
You shoot a sling bullet.
The sling bullet barely misses the adder.
The adder bites you.
You die...

Skill      XL: |  1  2 |
---------------+-------+-----
Spellcasting   | 3 |  3.1
Conjurations   | 3 |  3.1
Hexes          | 3 |  3.1
Summonings     | 3 |  3.1
Necromancy     | 3 |  3.1
Translocations | 3 |  3.1
Fire Magic     | 3 |  3.1
Ice Magic      | 3 |  3.1
Air Magic      | 3 |  3.1
Earth Magic    | 3 |  3.1
Alchemy        | 3 |  3.1
Fighting       | 2 |  2.2
Ranged Weapons | |  1.5
Dodging        | |  2.1

Action                     || total
---------------------------++-------
   Fire: Sling             ||    96
 Armour: Robe              ||    23
  Dodge: Dodged            ||    24

Levels and vault maps discovered:
D:1:      roderic_crop_circles_arrival_small, layout_basic, serial_forest,
          infiniplex_forest_lined_room_, infiniplex_forest_lined_2,
          infiniplex_forest_3_way, infiniplex_forest_straight_3,
          infiniplex_forest_end_3, infiniplex_forest_zigzag_2,
          infiniplex_forest_end_2, ebering_ecumenical_altar_mist
D:2:      layout_basic

Notes
Turn   | Place    | Note
-------+----------+-------------------------------------------
     0 | D:1      | cforsyth the Djinni Hexslinger began the quest for the Orb.
     0 | D:1      | cforsyth set off with the following spells memorised:
                  | Jinxbite, Sigil of Binding, Inner Flame, Cause Fear,
                  | Dimensional Bullseye.
     0 | D:1      | Reached XP level 1. HP: 17/17 MP: 0/0
   139 | D:1      | Found a faded altar of an unknown god.
   268 | D:1      | Reached XP level 2. HP: 22/22 MP: 0/0
  1252 | D:2      | Reached skill level 3 in Spellcasting
  1252 | D:2      | Reached skill level 3 in Conjurations
  1252 | D:2      | Reached skill level 3 in Hexes
  1252 | D:2      | Reached skill level 3 in Summonings
  1252 | D:2      | Reached skill level 3 in Necromancy
  1252 | D:2      | Reached skill level 3 in Translocations
  1252 | D:2      | Reached skill level 3 in Fire Magic
  1252 | D:2      | Reached skill level 3 in Ice Magic
  1252 | D:2      | Reached skill level 3 in Air Magic
  1252 | D:2      | Reached skill level 3 in Earth Magic
  1252 | D:2      | Reached skill level 3 in Alchemy
  1287 | D:2      | Reached skill level 2 in Fighting
  1287 | D:2      | Reached XP level 3. HP: 28/28 MP: 0/0
  1287 | D:2      | Learned a level 1 spell: Necrotise
  1326 | D:2      | HP: 1/28 [adder (3)]
  1327 | D:2      | Slain by an adder

Vanquished Creatures
  An adder (D:2)
  A dart slug (D:1)
  A ball python (D:1)
  2 endoplasms (D:1)
  2 giant cockroaches
  2 hobgoblins (D:2)
  A kobold (D:1)
  2 bats (D:1)
  A frilled lizard (D:2)
  A rat (D:2)
14 creatures vanquished.

Table legend: (Time is in decaauts)
 A = Elapsed time spent in this place.
 B = Non-inter-level travel time spent in this place.
 C = Inter-level travel time spent in this place.
 D = Time resting spent in this place.
 E = Time spent auto-exploring this place.
 F = Levels seen in this place.
 G = Mean time per level.
                   A        B        C        D        E       F      G
               +--------+--------+--------+--------+--------+-----+--------+
         Total |   1355 |   1261 |     94 |      0 |   1054 |   2 |  677.5 |
       Dungeon |   1355 |   1261 |     94 |      0 |   1054 |   2 |  677.5 |
               +--------+--------+--------+--------+--------+-----+--------+

Top non-repeatable levels by time:
     D:1: 1248 daAuts
     D:2: 107 daAuts

Table legend:
 A = Non-vault XP
 B = Vault XP
 C = Vault XP percentage of total XP
 D = Non-vault monster count
 E = Vault monster count
 F = Vault count percentage of total count
                 A         B        C        D         E       F
            +---------+---------+-------+---------+---------+-------
      Total |      38 |       0 |   0.0 |      14 |       0 |   0.0
            +---------+---------+-------+---------+---------+-------
        D:1 |      16 |       0 |   0.0 |       8 |       0 |   0.0
        D:2 |      22 |       0 |   0.0 |       6 |       0 |   0.0
            +---------+---------+-------+---------+---------+-------
